 Dungeon Crawl Stone Soup version 0.25.1-9-gc5326a611f (webtiles) character file.

Game seed: 7585224412477227473

134 Goreval the Sneak (level 5, -3/31 HPs)
             Began as an Octopode Wizard on Jan 1, 2021.
             Slain by an orc priest
             ... wielding a +0 trident
              (9 damage)
             ... on level 2 of the Dungeon.
             The game lasted 00:02:45 (2005 turns).

Goreval the Sneak (Octopode Wizard)                 Turns: 2005, Time: 00:02:45

Health: -3/31      AC:  1    Str:  7    XL:     5   Next: 17%
Magic:  1/10       EV: 13    Int: 21    God:
Gold:   30         SH:  0    Dex: 10    Spells: 3/11 levels left

rFire    . . .     SeeInvis .   b - +0 dagger
rCold    . . .     Gourm    .   (no shield)
rNeg     . . .     Faith    .   a - +0 hat
rPois    .         Spirit   .   (no amulet)
rElec    .         Reflect  .   (no ring)
rCorr    .         Harm     .   (no ring)
MR       .....                  (no ring)
Stlth    +++.......             (no ring)
HPRegen  0.10/turn              (no ring)
MPRegen  0.12/turn              (no ring)
                                (no ring)
                                (no ring)

@: very slightly contaminated
A: almost no armour, stealthy swim, amphibious, 8 rings, constrict 8, camouflage
1, gelatinous body 1
a: no special abilities


You were on level 2 of the Dungeon.
You were not hungry.

You visited 1 branch of the dungeon, and saw 2 of its levels.

You collected 30 gold pieces.

Inventory:

Hand Weapons
 b - a +0 dagger (weapon)
 n - a +1 dagger of holy wrath
Armour
 a - a +0 hat (worn)
Wands
 m - a wand of random effects (12)
Scrolls
 d - a scroll of blinking {unknown}
 e - 3 scrolls of identify {unknown}
 f - a scroll of teleportation {unknown}
 h - a scroll of remove curse {unknown}
 j - a scroll of fear {unknown}
Potions
 g - a potion of haste {unknown}
 i - a potion of degeneration {unknown}
 k - a potion of curing {unknown}
 l - a potion of berserk rage {unknown}
Comestibles
 c - a ration


   Skills:
 + Level 2.9 Dodging
 + Level 4.1 Stealth
 + Level 3.5 Spellcasting
 * Level 3.0 Conjurations
 - Level 1.0 Summonings
 - Level 1.0 Translocations


You had 3 spell levels left.
You knew the following spells:

 Your Spells              Type           Power        Failure   Level  Hunger
a - Magic Dart            Conj           ###.         3%          1    None
b - Mephitic Cloud        Conj/Pois/Air  #.......     26%         3    ###....
n - Blink                 Tloc           N/A          13%         2    ##.....
z - Call Imp              Summ           #.......     13%         2    ##.....

Your spell library contained the following spells:

 Spells                   Type           Power        Failure   Level  Hunger
 Slow                     Hex            #.......     19%         2    ##.....
 Conjure Flame            Conj/Fire      ##......     21%         3    ###....


Dungeon Overview and Level Annotations

Branches:
Dungeon (2/15)

Altars:


Innate Abilities, Weirdness & Mutations

You cannot wear most types of armour.
You are very stealthy in the water. (Stealth+)
You are amphibious.
You can wear up to eight rings at the same time.
You can use your tentacles to constrict eight enemies at once.
Your skin changes colour to match your surroundings (Stealth+).
Your rubbery body absorbs attacks. (AC +1, EV +1)


Message History

Unknown command.
A shadowy apparition takes form in the air.
Unknown command.
Your crimson imp disappears in a puff of smoke!
The orc priest hits you from afar with a +0 trident.
Your shadow imp hits the orc priest.
The orc priest hits you from afar with a +0 trident!
Your shadow imp hits the orc priest.
You swap places.
The orc priest calls down the wrath of Beogh upon you.
Pain shoots through your body!
* * * LOW HITPOINT WARNING * * *
Things that are here:
a +0 flail; an orc corpse You hit the orc priest.
Your grab misses the orc priest. Your squeeze misses the orc priest.
The orc priest hits you but does no damage.
You hit the orc priest. Your grab misses the orc priest.
The orc priest hits you with a +0 trident!
You die...

#.# #.# #.# #.#
#.# # #.# ... #!#
#####...## #5#
#..[........
#@#####[#).o....#.
#.o..o..#.#...#.#.
#######.#o. ....#.
#.#.......#.
#.#o...o..#.
#.#.#...#.#.
#.#.......#h
#.##..o..##.
#.###.⌠$###.


You could see an orc priest, an orc and a friendly shadow imp (summoned).

Vanquished Creatures
  Natasha (twice) (D:2)
  2 dart slugs (D:1)
  An orc (D:2)
  5 bats
  3 giant cockroaches (D:1)
  4 goblins
  3 hobgoblins
  2 jackals (D:1)
  3 kobolds
  A ball python (D:1)
  2 frilled lizards
  3 rats (D:1)
31 creatures vanquished.

Vanquished Creatures (collateral kills)
  2 orc wizards (D:2)
  Natasha (D:2)
  An orc (D:2)
4 creatures vanquished.

Grand Total: 35 creatures vanquished

Notes
Turn   | Place    | Note
-------+----------+-------------------------------------------
     0 | D:1      | Goreval the Octopode Wizard began the quest for the Orb.
     0 | D:1      | Reached XP level 1. HP: 11/11 MP: 4/4
   266 | D:1      | Reached XP level 2. HP: 17/17 MP: 3/6
   322 | D:1      | Reached skill level 3 in Stealth
   365 | D:1      | Learned a level 2 spell: Blink
   368 | D:1      | Learned a level 2 spell: Call Imp
   844 | D:1      | Reached XP level 3. HP: 21/21 MP: 4/7
   849 | D:1      | Learned a level 3 spell: Mephitic Cloud
  1273 | D:2      | Noticed Natasha
  1281 | D:2      | Killed Natasha
  1465 | D:2      | Noticed Natasha
  1635 | D:2      | Killed Natasha
  1635 | D:2      | Reached XP level 4. HP: 27/27 MP: 6/9
  1860 | D:2      | Noticed Natasha
  1884 | D:2      | Killed Natasha
  1988 | D:2      | Reached skill level 4 in Stealth
  1988 | D:2      | Reached XP level 5. HP: 26/31 MP: 2/10
  2005 | D:2      | Slain by an orc priest

Illustrated notes

Levels and vault maps discovered:
D:1:      enne_arrival_octagon_isle, layout_loops_ring
D:2:      cheibrodos_pilgrimage, layout_loops_ring, uniq_natasha

Skill      XL: |  1  2  3  4 |
---------------+-------------+-----
Stealth        | 3 4 |  4.1
Conjurations   | 2 3 |  3.0
Dodging        | |  2.9
Spellcasting   | |  3.5
Summonings     | |  1.0
Translocations | |  1.0

Action                   |  1- 3 |  4- 6 || total
-------------------------+-------+-------++-------
Melee: Unarmed           |    11 |       ||    11
       Constrict         |     7 |     1 ||     8
       Tentacles         |     4 |       ||     4
       Dagger            |     9 |     5 ||    14
 Cast: Magic Dart        |    53 |    16 ||    69
       Call Imp          |     1 |     4 ||     5
 Stab: Sleeping          |     1 |       ||     1
  Eat: Chunk             |     2 |     1 ||     3
Armor: Skin              |     1 |       ||     1
Dodge: Dodged            |    17 |       ||    17
